[Event "ESTCC 50 2019"]
[Site "Mali Losinj"]
[Date "2019.09.24"]
[Round "7.14"]
[White "Ledger, Dave J"]
[Black "Wagner-Michel, Annett"]
[Result "1/2-1/2"]
[ECO "B56"]
[WhiteElo "2134"]
[BlackElo "2055"]
[Annotator "NA"]
[PlyCount "97"]
[EventDate "2019.09.18"]
[EventType "team-tourn"]
[EventCountry "CRO"]
[SourceTitle "playchess.com"]
[Source "ChessBase"]
[SourceQuality "1"]
[WhiteTeam "England"]
[BlackTeam "Germany"]
[WhiteTeamCountry "ENG"]
[BlackTeamCountry "GER"]
[TimeControl "40/5400+30:1800+30"]

1. e4 c5 2. Nf3 Nc6 3. d4 cxd4 4. Nxd4 Nf6 5. Nc3 d6 6. f3 e5 7. Nb3 Be6 8. Be3 Be7 9. Qd2 d5 10. exd5 Nxd5 11. Nxd5 Qxd5 12. Qxd5 Bxd5 13. O-O-O O-O-O 14. Bb5 a6 15. Be2 Kc7 16. Kb1 f5 17. Rhe1 Rhe8 18. Bf1 Bh4 19. g3 Bxf3 20. Rxd8 Bxd8 21. Nc5 Bf6 22. Bc4 Nd8 23. Rf1 e4 24. Rf2 Be7 25. Nb3 g6 26. Nd2 Bh5 27. Bd5 b5 28. Nb3 Bd6 29. Nd4 Be5 30. c3 Kd6 31. Ba8 Ne6 32. Rd2 Rxa8 33. Nf3+ Kc7 34. Nxe5 Rd8 35. Rxd8 Nxd8 36. Kc2 Kd6 37. Bf4 Ke6 38. Kd2 Kd5 39. h3 Ne6 40. Nd7 Nxf4 41. gxf4 Kd6 42. Nf6 h6 43. Nxh5 gxh5 44. h4 Kc5 45. b3 Kd5 46. Ke3 Kc5 47. Kd2 Kd5 48. Ke3 Kc5 49. Kd2 1/2-1/2

[Event "ESTCC 50 2019"]
[Site "Mali Losinj"]
[Date "2019.09.24"]
[Round "7.15"]
[White "Kierzek, Mira"]
[Black "Nelson, Jonathan P"]
[Result "1/2-1/2"]
[ECO "A55"]
[WhiteElo "2015"]
[BlackElo "2183"]
[Annotator "NA"]
[PlyCount "82"]
[EventDate "2019.09.18"]
[EventType "team-tourn"]
[EventCountry "CRO"]
[SourceTitle "playchess.com"]
[Source "ChessBase"]
[SourceQuality "1"]
[WhiteTeam "Germany"]
[BlackTeam "England"]
[WhiteTeamCountry "GER"]
[BlackTeamCountry "ENG"]
[TimeControl "40/5400+30:1800+30"]

1. d4 d6 2. Nf3 Nf6 3. g3 Nbd7 4. Bg2 e5 5. c4 Be7 6. Nc3 O-O 7. O-O c6 8. Qc2 Re8 9. b3 Bf8 10. e4 a6 11. Bb2 b5 12. cxb5 axb5 13. dxe5 dxe5 14. a3 Bb7 15. Nd1 Qc7 16. Nc3 Qb6 17. Rfd1 c5 18. Qe2 Bc6 19. Nd5 Bxd5 20. exd5 c4 21. bxc4 bxc4 22. Qc2 Rab8 23. Rab1 Qc5 24. Nd2 Rec8 25. Ne4 Nxe4 26. Bxe4 c3 27. Ba1 Rxb1 28. Rxb1 Nf6 29. Bf5 Rc7 30. a4 g6 31. Rb5 Qa3 32. d6 Bxd6 33. Rb8+ Kg7 34. Rb1 Qc5 35. Bd3 h5 36. Bb5 h4 37. Rd1 hxg3 38. hxg3 Nd5 39. Be8 Nf6 40. Bb5 Nd5 41. Be8 Nf6 1/2-1/2

[Event "ESTCC 50 2019"]
[Site "Mali Losinj"]
[Date "2019.09.24"]
[Round "7.16"]
[White "Ledger, Stephen C"]
[Black "Leib, Britta"]
[Result "1-0"]
[ECO "A45"]
[WhiteElo "2000"]
[BlackElo "1883"]
[Annotator "NA"]
[PlyCount "75"]
[EventDate "2019.09.18"]
[EventType "team-tourn"]
[EventCountry "CRO"]
[SourceTitle "playchess.com"]
[Source "ChessBase"]
[SourceQuality "1"]
[WhiteTeam "England"]
[BlackTeam "Germany"]
[WhiteTeamCountry "ENG"]
[BlackTeamCountry "GER"]
[TimeControl "40/5400+30:1800+30"]

1. d4 Nf6 2. Bg5 Ne4 3. Bf4 c5 4. f3 Qa5+ 5. c3 Nf6 6. d5 d6 7. e4 g6 8. Nd2 Bg7 9. Nc4 Qd8 10. a4 O-O 11. Bd3 Nbd7 12. Ne2 Nh5 13. Be3 Ne5 14. Nxe5 Bxe5 15. g4 Nf6 16. h3 Nd7 17. f4 Bg7 18. Ng3 e6 19. Qf3 exd5 20. exd5 a6 21. O-O Rb8 22. Rae1 b5 23. axb5 axb5 24. Ne4 Nb6 25. Ng3 Bb7 26. Be4 Qd7 27. h4 Rfe8 28. f5 Be5 29. Bf2 Ra8 30. h5 Nc4 31. Re2 Ra2 32. fxg6 fxg6 33. hxg6 hxg6 34. Bxg6 Rf8 35. Nf5 Rf6 36. Bh4 Nb6 37. Bxf6 Bxf6 38. Nh6+ 1-0

[Event "ESTCC 50 2019"]
[Site "Mali Losinj"]
[Date "2019.09.24"]
[Round "7.17"]
[White "Krebs, Johann"]
[Black "Lauritzen, Einar"]
[Result "1-0"]
[ECO "E11"]
[WhiteElo "2226"]
[BlackElo "1990"]
[Annotator "NA"]
[PlyCount "48"]
[EventDate "2019.09.18"]
[EventType "team-tourn"]
[EventCountry "CRO"]
[SourceTitle "playchess.com"]
[Source "ChessBase"]
[SourceQuality "1"]
[WhiteTeam "Austria"]
[BlackTeam "Norway"]
[WhiteTeamCountry "AUT"]
[BlackTeamCountry "NOR"]
[TimeControl "40/5400+30:1800+30"]

1. d4 Nf6 2. c4 e6 3. Nf3 Bb4+ 4. Nbd2 d5 5. Qc2 O-O 6. g3 Nbd7 7. Bg2 c6 8. O-O Be7 9. Rd1 b6 10. e4 Bb7 11. e5 Ne8 12. Nf1 Qc7 13. Bg5 Bxg5 14. Nxg5 g6 15. Rac1 h6 16. Nxe6 fxe6 17. Qxg6+ Ng7 18. cxd5 Nxe5 19. dxe5 Qxe5 20. dxc6 Ba6 21. c7 Rac8 22. Rd7 Qxb2 23. Be4 Rf5 24. Bxf5 exf5 1-0

[Event "ESTCC 50 2019"]
[Site "Mali Losinj"]
[Date "2019.09.24"]
[Round "7.18"]
[White "Olsen, Oystein Leif"]
[Black "Wegerer, Fred"]
[Result "0-1"]
[ECO "A25"]
[WhiteElo "1974"]
[BlackElo "2171"]
[Annotator "NA"]
[PlyCount "88"]
[EventDate "2019.09.18"]
[EventType "team-tourn"]
[EventCountry "CRO"]
[SourceTitle "playchess.com"]
[Source "ChessBase"]
[SourceQuality "1"]
[WhiteTeam "Norway"]
[BlackTeam "Austria"]
[WhiteTeamCountry "NOR"]
[BlackTeamCountry "AUT"]
[TimeControl "40/5400+30:1800+30"]

1. c4 e5 2. Nc3 Bb4 3. g3 Nf6 4. Bg2 O-O 5. e4 Nc6 6. Nge2 d6 7. O-O h6 8. d3 a5 9. Nd5 Bc5 10. h3 Nh7 11. Kh2 Be6 12. f4 Nd4 13. f5 Bxd5 14. cxd5 Nxe2 15. Qxe2 c6 16. Qg4 Kh8 17. h4 f6 18. Qh3 Bd4 19. Bf3 cxd5 20. exd5 Rc8 21. Be4 Rc2+ 22. Kh1 Bxb2 23. Bxb2 Rxb2 24. g4 Rf7 25. Rg1 Rc7 26. g5 fxg5 27. hxg5 Nxg5 28. Qh5 Rf2 29. f6 Nxe4 30. fxg7+ Rxg7 31. Rxg7 Kxg7 32. dxe4 Qf6 33. Rg1+ Kh7 34. Qg4 Qf3+ 35. Qxf3 Rxf3 36. Rb1 Rf7 37. Rb6 Rd7 38. Rb5 Kg6 39. Kg2 Kg5 40. Kf3 Rc7 41. Rxa5 Rc3+ 42. Ke2 Kf4 43. Rb5 Kxe4 44. Rxb7 Rc2+ 0-1

[Event "ESTCC 50 2019"]
[Site "Mali Losinj"]
[Date "2019.09.24"]
[Round "7.19"]
[White "Kainz, Josef"]
[Black "Ortoft, Kai"]
[Result "1-0"]
[ECO "E00"]
[WhiteElo "1922"]
[BlackElo "1957"]
[Annotator "NA"]
[PlyCount "75"]
[EventDate "2019.09.18"]
[EventType "team-tourn"]
[EventCountry "CRO"]
[SourceTitle "playchess.com"]
[Source "ChessBase"]
[SourceQuality "1"]
[WhiteTeam "Austria"]
[BlackTeam "Norway"]
[WhiteTeamCountry "AUT"]
[BlackTeamCountry "NOR"]
[TimeControl "40/5400+30:1800+30"]

1. d4 Nf6 2. c4 e6 3. g3 Bb4+ 4. Bd2 Qe7 5. Bg2 O-O 6. Nc3 d6 7. Qb3 a5 8. e4 e5 9. d5 Nbd7 10. a3 Nc5 11. Qc2 Bxc3 12. Bxc3 a4 13. Ne2 Bd7 14. O-O b5 15. Bb4 Nb3 16. Rad1 Rfb8 17. Rfe1 bxc4 18. Qxc4 Bb5 19. Qc2 Bxe2 20. Qxe2 Nd7 21. f4 f6 22. Rd3 Ndc5 23. Rc3 Rb7 24. Re3 Qd7 25. Rd1 Qb5 26. Qh5 Qe8 27. Qf3 Na6 28. Bc3 Nac5 29. g4 Qe7 30. Qg3 exf4 31. Qxf4 Nd7 32. Rf1 Re8 33. e5 fxe5 34. Qxa4 Ndc5 35. Qc4 Rbb8 36. Bb4 Nd4 37. Bxc5 dxc5 38. d6+ 1-0

[Event "ESTCC 50 2019"]
[Site "Mali Losinj"]
[Date "2019.09.24"]
[Round "7.20"]
[White "Jenssen, Ove S"]
[Black "Detter, Peter"]
[Result "1/2-1/2"]
[ECO "B03"]
[WhiteElo "1827"]
[BlackElo "1982"]
[Annotator "NA"]
[PlyCount "60"]
[EventDate "2019.09.18"]
[EventType "team-tourn"]
[EventCountry "CRO"]
[SourceTitle "playchess.com"]
[Source "ChessBase"]
[SourceQuality "1"]
[WhiteTeam "Norway"]
[BlackTeam "Austria"]
[WhiteTeamCountry "NOR"]
[BlackTeamCountry "AUT"]
[TimeControl "40/5400+30:1800+30"]

1. e4 Nf6 2. e5 Nd5 3. d4 d6 4. f4 dxe5 5. fxe5 Bf5 6. Bd3 Bxd3 7. Qxd3 e6 8. Ne2 c5 9. c3 Nc6 10. a3 cxd4 11. cxd4 Qb6 12. Nd2 Rd8 13. Nf3 Be7 14. O-O h6 15. Kh1 Qa6 16. Qxa6 bxa6 17. Bd2 Rb8 18. Rac1 Kd7 19. Rc2 Rhc8 20. Rfc1 Nd8 21. Rxc8 Rxc8 22. Rxc8 Kxc8 23. Nc3 Nb6 24. Kg1 Kd7 25. Kf2 Kc6 26. Ke2 Nd5 27. Kd3 Nxc3 28. Bxc3 f5 29. Ne1 Nf7 30. Nf3 g5 1/2-1/2

[Event "ESTCC 50 2019"]
[Site "Mali Losinj"]
[Date "2019.09.24"]
[Round "7.21"]
[White "Priehoda, Vitezslav"]
[Black "Jackson, Sheila"]
[Result "1/2-1/2"]
[ECO "D58"]
[WhiteElo "2352"]
[BlackElo "2046"]
[Annotator "NA"]
[PlyCount "91"]
[EventDate "2019.09.18"]
[EventType "team-tourn"]
[EventCountry "CRO"]
[SourceTitle "playchess.com"]
[Source "ChessBase"]
[SourceQuality "1"]
[WhiteTeam "Czech Republic"]
[BlackTeam "England"]
[WhiteTeamCountry "CZE"]
[BlackTeamCountry "ENG"]
[TimeControl "40/5400+30:1800+30"]

1. d4 Nf6 2. c4 e6 3. Nf3 d5 4. Nc3 Be7 5. Bg5 h6 6. Bh4 O-O 7. e3 b6 8. Rc1 Bb7 9. Bxf6 Bxf6 10. cxd5 exd5 11. Be2 Re8 12. O-O c6 13. b4 a6 14. Qb3 Qd6 15. Rfd1 Nd7 16. a4 Rac8 17. Ne1 g5 18. a5 b5 19. Nd3 Rc7 20. Bf3 Be7 21. e4 dxe4 22. Nxe4 Qg6 23. g3 c5 24. Ndxc5 Nxc5 25. Nxc5 Bxf3 26. Qxf3 Rd8 27. Rc3 g4 28. Qe2 Rd5 29. Rcd3 h5 30. Qa2 Rf5 31. Re3 Kf8 32. Qe2 Rd5 33. Re5 Rd8 34. Re1 Bf6 35. Re8+ Rxe8 36. Qxe8+ Kg7 37. d5 Bc3 38. Re7 Rxe7 39. Qxe7 Bxb4 40. d6 Qb1+ 41. Kg2 Qf5 42. Ne4 Qf3+ 43. Kg1 Qd1+ 44. Kg2 Qf3+ 45. Kg1 Qd1+ 46. Kg2 1/2-1/2

[Event "ESTCC 50 2019"]
[Site "Mali Losinj"]
[Date "2019.09.24"]
[Round "7.22"]
[White "Mashayekh, Majid"]
[Black "Vokac, Marek"]
[Result "0-1"]
[ECO "B06"]
[WhiteElo "1875"]
[BlackElo "2332"]
[Annotator "NA"]
[PlyCount "48"]
[EventDate "2019.09.18"]
[EventType "team-tourn"]
[EventCountry "CRO"]
[SourceTitle "playchess.com"]
[Source "ChessBase"]
[SourceQuality "1"]
[WhiteTeam "England"]
[BlackTeam "Czech Republic"]
[WhiteTeamCountry "ENG"]
[BlackTeamCountry "CZE"]
[TimeControl "40/5400+30:1800+30"]

1. d4 g6 2. e4 Bg7 3. Nc3 d6 4. Bg5 a6 5. Qd2 b5 6. a3 Bb7 7. f3 Nd7 8. h4 c5 9. Be3 Ngf6 10. Nge2 cxd4 11. Nxd4 h5 12. O-O-O Rc8 13. Kb1 Nb6 14. Qf2 Rxc3 15. bxc3 Na4 16. Bxb5+ axb5 17. Nxb5 O-O 18. Rd3 Ba6 19. c4 Qc8 20. Rb3 Qxc4 21. Nd4 Nc3+ 22. Kb2 Rc8 23. Rc1 Ncxe4 24. fxe4 Ng4 0-1

[Event "ESTCC 50 2019"]
[Site "Mali Losinj"]
[Date "2019.09.24"]
[Round "7.23"]
[White "Konopka, Michal"]
[Black "Wood, Peter R"]
[Result "1-0"]
[ECO "E05"]
[WhiteElo "2351"]
[BlackElo "1884"]
[Annotator "NA"]
[PlyCount "41"]
[EventDate "2019.09.18"]
[EventType "team-tourn"]
[EventCountry "CRO"]
[SourceTitle "playchess.com"]
[Source "ChessBase"]
[SourceQuality "1"]
[WhiteTeam "Czech Republic"]
[BlackTeam "England"]
[WhiteTeamCountry "CZE"]
[BlackTeamCountry "ENG"]
[TimeControl "40/5400+30:1800+30"]

1. Nf3 d5 2. d4 Nf6 3. c4 e6 4. g3 Be7 5. Bg2 O-O 6. O-O dxc4 7. Na3 Bxa3 8. bxa3 Nbd7 9. a4 a5 10. Ba3 Nb6 11. Ne5 Nfd5 12. Bxf8 Qxf8 13. Qc2 Qb4 14. Rfc1 Qxa4 15. Qxa4 Nxa4 16. Rxc4 Nab6 17. Bxd5 c6 18. Bf3 f6 19. Rb1 Nxc4 20. Nxc4 Ra7 21. Bxc6 1-0

[Event "ESTCC 50 2019"]
[Site "Mali Losinj"]
[Date "2019.09.24"]
[Round "7.24"]
[White "Denning, Julie L"]
[Black "Spacek, Petr"]
[Result "0-1"]
[ECO "A53"]
[WhiteElo "1629"]
[BlackElo "2352"]
[Annotator "NA"]
[PlyCount "45"]
[EventDate "2019.09.18"]
[EventType "team-tourn"]
[EventCountry "CRO"]
[SourceTitle "playchess.com"]
[Source "ChessBase"]
[SourceQuality "1"]
[WhiteTeam "England"]
[BlackTeam "Czech Republic"]
[WhiteTeamCountry "ENG"]
[BlackTeamCountry "CZE"]
[TimeControl "40/5400+30:1800+30"]

1. d4 Nf6 2. c4 d6 3. Nc3 Nbd7 4. e4 e5 5. d5 Nc5 6. Qc2 a5 7. a4 g6 8. Nge2 h5 9. h4 Nfd7 10. f4 exf4 11. Bxf4 Bg7 12. g3 Ne5 13. Bxe5 Bxe5 14. Bg2 Bg4 15. Bh3 Bxh3 16. Rxh3 Qd7 17. Rh1 Qg4 18. Rg1 O-O 19. O-O-O Rfe8 20. Rdf1 Re7 21. Nf4 Bxc3 22. Qxc3 Nxe4 23. Qe3 0-1

[Event "ESTCC 50 2019"]
[Site "Mali Losinj"]
[Date "2019.09.25"]
[Round "8.1"]
[White "Gleizerov, Evgeny"]
[Black "Ledger, Andrew J"]
[Result "1/2-1/2"]
[ECO "D85"]
[WhiteElo "2503"]
[BlackElo "2343"]
[Annotator "ChessBase"]
[PlyCount "83"]
[EventDate "2019.09.18"]
[EventType "team-tourn"]
[EventCountry "CRO"]
[SourceTitle "playchess.com"]
[Source "ChessBase"]
[SourceQuality "1"]
[WhiteTeam "Russia"]
[BlackTeam "England"]
[WhiteTeamCountry "RUS"]
[BlackTeamCountry "ENG"]
[TimeControl "40/5400+30:1800+30"]

1. d4 Nf6 2. c4 g6 3. Nc3 d5 4. cxd5 Nxd5 5. Bd2 Bg7 6. e4 Nxc3 7. Bxc3 O-O 8. Qd2 c5 9. d5 e6 10. Bc4 Bxc3 11. bxc3 exd5 12. Bxd5 Nd7 13. Nf3 Nf6 14. O-O Nxd5 15. exd5 Qf6 16. Rfe1 Bf5 17. Ne5 Rad8 18. Rad1 Rfe8 19. f4 Qd6 20. g4 Bc8 21. h3 Kg7 22. c4 f6 23. Nf3 b6 24. Rxe8 Rxe8 25. Re1 Rxe1+ 26. Qxe1 Kf7 27. Qe4 b5 28. cxb5 Bb7 29. Kf2 Bxd5 30. Qd3 Ke7 31. a4 Bxf3 32. Qxf3 Qd4+ 33. Qe3+ Kd6 34. Qxd4+ cxd4 35. Ke2 Kc5 36. Kd3 g5 37. f5 h6 38. a5 Kxb5 39. Kxd4 Kc6 40. a6 Kd6 41. Kc4 Kc6 42. Kd4 1/2-1/2

[Event "ESTCC 50 2019"]
[Site "Mali Losinj"]
[Date "2019.09.25"]
[Round "8.2"]
[White "Lewis, Andrew P"]
[Black "Shcherbakov, Ruslan"]
[Result "0-1"]
[ECO "E32"]
[WhiteElo "2294"]
[BlackElo "2516"]
[Annotator "ChessBase"]
[PlyCount "72"]
[EventDate "2019.09.18"]
[EventType "team-tourn"]
[EventCountry "CRO"]
[SourceTitle "playchess.com"]
[Source "ChessBase"]
[SourceQuality "1"]
[WhiteTeam "England"]
[BlackTeam "Russia"]
[WhiteTeamCountry "ENG"]
[BlackTeamCountry "RUS"]
[TimeControl "40/5400+30:1800+30"]

1. d4 Nf6 2. c4 e6 3. Nc3 Bb4 4. Qc2 d6 5. Nf3 Nbd7 6. e3 b6 7. Bd3 Bb7 8. a3 Bxc3+ 9. bxc3 e5 10. e4 O-O 11. O-O Re8 12. Re1 c5 13. d5 Nf8 14. a4 Ng6 15. h3 Bc8 16. Bd2 a5 17. Bf1 h6 18. g3 Nh7 19. Kh2 Rf8 20. Bd3 Qf6 21. Be2 Bd7 22. Rf1 Qd8 23. Bd3 Qc8 24. Ng1 f5 25. Rab1 f4 26. Rxb6 Qc7 27. Rbb1 Rf6 28. Be2 Raf8 29. Qd3 Bxa4 30. g4 f3 31. Nxf3 Qf7 32. Kg3 Bc2 33. Qe3 Nf4 34. Ng1 Ng5 35. f3 Bxb1 36. Rxb1 Nxe2+ 0-1

[Event "ESTCC 50 2019"]
[Site "Mali Losinj"]
[Date "2019.09.25"]
[Round "8.3"]
[White "Yakovich, Yuri"]
[Black "Ledger, Dave J"]
[Result "1-0"]
[ECO "E44"]
[WhiteElo "2518"]
[BlackElo "2134"]
[Annotator "ChessBase"]
[PlyCount "63"]
[EventDate "2019.09.18"]
[EventType "team-tourn"]
[EventCountry "CRO"]
[SourceTitle "playchess.com"]
[Source "ChessBase"]
[SourceQuality "1"]
[WhiteTeam "Russia"]
[BlackTeam "England"]
[WhiteTeamCountry "RUS"]
[BlackTeamCountry "ENG"]
[TimeControl "40/5400+30:1800+30"]

1. d4 Nf6 2. c4 e6 3. Nc3 Bb4 4. e3 b6 5. Nge2 Bb7 6. a3 Bxc3+ 7. Nxc3 O-O 8. Bd3 d5 9. cxd5 exd5 10. b4 Ne4 11. Qb3 Re8 12. O-O Re6 13. f3 Nxc3 14. Qxc3 Nd7 15. Bb2 Nf6 16. Rac1 Rc6 17. Qd2 Rxc1 18. Rxc1 Qe7 19. Rc3 Ne8 20. Bc1 Rd8 21. b5 Rd6 22. a4 Rh6 23. Ba3 Qh4 24. h3 Bc8 25. Qf2 Qh5 26. Qg3 Re6 27. Kh2 g6 28. e4 Bb7 29. e5 c6 30. Qg4 Ng7 31. Qxh5 Nxh5 32. Bd6 1-0

[Event "ESTCC 50 2019"]
[Site "Mali Losinj"]
[Date "2019.09.25"]
[Round "8.4"]
[White "Nelson, Jonathan P"]
[Black "Ibragimov, Ildar"]
[Result "0-1"]
[ECO "A46"]
[WhiteElo "2183"]
[BlackElo "2537"]
[Annotator "ChessBase"]
[PlyCount "62"]
[EventDate "2019.09.18"]
[EventType "team-tourn"]
[EventCountry "CRO"]
[SourceTitle "playchess.com"]
[Source "ChessBase"]
[SourceQuality "1"]
[WhiteTeam "England"]
[BlackTeam "Russia"]
[WhiteTeamCountry "ENG"]
[BlackTeamCountry "RUS"]
[TimeControl "40/5400+30:1800+30"]

1. d4 Nf6 2. Nf3 e6 3. Bg5 h6 4. Bh4 b6 5. e3 Bb7 6. Bd3 d6 7. Qe2 g5 8. Bg3 Ne4 9. Nbd2 f5 10. Bc4 Nxg3 11. fxg3 Qe7 12. O-O Bg7 13. e4 fxe4 14. Nxe4 d5 15. Ne5 Bxe5 16. dxe5 Kd8 17. Rad1 Kc8 18. Rf6 Nd7 19. Ba6 dxe4 20. Bxb7+ Kxb7 21. Qxe4+ Kb8 22. Rf3 Nc5 23. Qg6 Qe8 24. Rf7 a5 25. c3 a4 26. Qg7 Qg8 27. Qf6 Qc8 28. b4 axb3 29. axb3 Ra2 30. b4 Ne4 31. Qf3 Rf2 0-1

[Event "ESTCC 50 2019"]
[Site "Mali Losinj"]
[Date "2019.09.25"]
[Round "8.5"]
[White "Kozul, Zdenko"]
[Black "Wallace, Paul"]
[Result "1-0"]
[ECO "E94"]
[WhiteElo "2569"]
[BlackElo "2153"]
[Annotator "ChessBase"]
[PlyCount "53"]
[EventDate "2019.09.18"]
[EventType "team-tourn"]
[EventCountry "CRO"]
[SourceTitle "playchess.com"]
[Source "ChessBase"]
[SourceQuality "1"]
[WhiteTeam "CRO"]
[BlackTeam "IRL"]
[WhiteTeamCountry "CRO"]
[BlackTeamCountry "AUS"]
[TimeControl "40/5400+30:1800+30"]

1. d4 g6 2. c4 Bg7 3. Nf3 Nf6 4. Nc3 O-O 5. e4 d6 6. Be2 e5 7. O-O Na6 8. d5 Nc5 9. Bg5 a5 10. Nd2 h6 11. Be3 c6 12. a3 Bd7 13. b4 axb4 14. axb4 Rxa1 15. Qxa1 cxd5 16. cxd5 Na6 17. Bxa6 bxa6 18. Qxa6 Qb8 19. b5 Rc8 20. Qa5 Ng4 21. Ba7 Qb7 22. h3 Ra8 23. b6 Nf6 24. Nc4 Bf8 25. Ra1 Bc8 26. Qb5 Qd7 27. Na5 1-0

[Event "ESTCC 50 2019"]
[Site "Mali Losinj"]
[Date "2019.09.25"]
[Round "8.6"]
[White "Fox, Anthony"]
[Black "Zelcic, Robert"]
[Result "0-1"]
[ECO "B05"]
[WhiteElo "2023"]
[BlackElo "2503"]
[Annotator "ChessBase"]
[PlyCount "98"]
[EventDate "2019.09.18"]
[EventType "team-tourn"]
[EventCountry "CRO"]
[SourceTitle "playchess.com"]
[Source "ChessBase"]
[SourceQuality "1"]
[WhiteTeam "Ireland"]
[BlackTeam "Croatia"]
[WhiteTeamCountry "IRL"]
[BlackTeamCountry "CRO"]
[TimeControl "40/5400+30:1800+30"]

1. e4 Nf6 2. e5 Nd5 3. d4 d6 4. Nf3 Bg4 5. Be2 c6 6. O-O Bxf3 7. Bxf3 dxe5 8. dxe5 e6 9. c4 Ne7 10. Qxd8+ Kxd8 11. Be4 Nd7 12. f4 Nf5 13. Bxf5 Bc5+ 14. Kh1 exf5 15. Nd2 Ke7 16. Nf3 Rhd8 17. b3 Nf8 18. Bb2 Ne6 19. g3 Rd3 20. Rad1 Rad8 21. Rxd3 Rxd3 22. Kg2 a5 23. Rc1 h5 24. h4 g6 25. Rc3 Rd8 26. Rc2 a4 27. Bc3 axb3 28. axb3 Rd1 29. b4 Be3 30. Re2 Rd3 31. Rc2 Ke8 32. Ne1 Rxc3 33. Rxc3 Bd2 34. Ra3 Bxe1 35. Ra7 Nd8 36. b5 cxb5 37. cxb5 Bb4 38. Ra4 Bc5 39. Rc4 b6 40. Ra4 Ne6 41. Ra1 Nd4 42. Rb1 Ke7 43. Rb2 Ke6 44. Rb1 Kd5 45. Rd1 Kc4 46. Ra1 Nxb5 47. e6 fxe6 48. Ra8 Nd4 49. Rg8 b5 0-1

[Event "ESTCC 50 2019"]
[Site "Mali Losinj"]
[Date "2019.09.25"]
[Round "8.7"]
[White "Kurajica, Bojan"]
[Black "Cafolla, Peter"]
[Result "1-0"]
[ECO "D34"]
[WhiteElo "2493"]
[BlackElo "1919"]
[Annotator "ChessBase"]
[PlyCount "63"]
[EventDate "2019.09.18"]
[EventType "team-tourn"]
[EventCountry "CRO"]
[SourceTitle "playchess.com"]
[Source "ChessBase"]
[SourceQuality "1"]
[WhiteTeam "Croatia"]
[BlackTeam "Ireland"]
[WhiteTeamCountry "CRO"]
[BlackTeamCountry "IRL"]
[TimeControl "40/5400+30:1800+30"]

1. Nf3 d5 2. d4 e6 3. g3 c5 4. c4 Nc6 5. cxd5 exd5 6. Bg2 Nf6 7. O-O Be7 8. dxc5 Bxc5 9. Bg5 O-O 10. Nc3 d4 11. Bxf6 Qxf6 12. Nd5 Qd8 13. Nd2 Re8 14. Rc1 Bb6 15. Nc4 Be6 16. Nf4 Rc8 17. Nxe6 fxe6 18. Be4 Bc7 19. Qd3 h6 20. Rfd1 Bb6 21. a3 Re7 22. Nxb6 Qxb6 23. Bxc6 Rxc6 24. Rxc6 Qxc6 25. Qxd4 a6 26. Qd8+ Re8 27. Qd7 Rc8 28. Rd6 Qc1+ 29. Kg2 Qc2 30. Qxe6+ Kh8 31. Qe5 Rc5 32. Rxh6+ 1-0

[Event "ESTCC 50 2019"]
[Site "Mali Losinj"]
[Date "2019.09.25"]
[Round "8.8"]
[White "Lyons, Brendan"]
[Black "Fercec, Nenad"]
[Result "0-1"]
[ECO "A04"]
[WhiteElo "1971"]
[BlackElo "2439"]
[Annotator "NA"]
[PlyCount "58"]
[EventDate "2019.09.18"]
[EventType "team-tourn"]
[EventCountry "CRO"]
[SourceTitle "playchess.com"]
[Source "ChessBase"]
[SourceQuality "1"]
[WhiteTeam "Ireland"]
[BlackTeam "Croatia"]
[WhiteTeamCountry "IRL"]
[BlackTeamCountry "CRO"]
[TimeControl "40/5400+30:1800+30"]

1. e4 c5 2. Nf3 d6 3. g3 g6 4. Bg2 Bg7 5. O-O Nc6 6. c3 e5 7. d3 Nge7 8. a3 O-O 9. b4 a6 10. Nbd2 h6 11. Bb2 Be6 12. Nb3 b6 13. d4 exd4 14. cxd4 Bc4 15. Re1 cxb4 16. axb4 Nxb4 17. Ba3 a5 18. Nfd2 b5 19. e5 Bd5 20. Bxb4 axb4 21. Rxa8 Qxa8 22. exd6 Nf5 23. Ne4 Nxd6 24. Nxd6 Bxg2 25. Nxb5 Bh1 26. d5 Qxd5 27. Qxd5 Bxd5 28. Nc5 b3 29. Rb1 b2 0-1

[Event "ESTCC 50 2019"]
[Site "Mali Losinj"]
[Date "2019.09.25"]
[Round "8.9"]
[White "Mikhalchishin, Adrian"]
[Black "Burchardt, Brigitte"]
[Result "1-0"]
[ECO "B86"]
[WhiteElo "2465"]
[BlackElo "2092"]
[Annotator "ChessBase"]
[PlyCount "47"]
[EventDate "2019.09.18"]
[EventType "team-tourn"]
[EventCountry "CRO"]
[SourceTitle "playchess.com"]
[Source "ChessBase"]
[SourceQuality "1"]
[WhiteTeam "Slovenia"]
[BlackTeam "Germany"]
[WhiteTeamCountry "SLO"]
[BlackTeamCountry "GER"]
[TimeControl "40/5400+30:1800+30"]

1. e4 c5 2. Nf3 d6 3. d4 cxd4 4. Nxd4 Nf6 5. Nc3 a6 6. Bc4 e6 7. Bb3 Be7 8. f4 Qc7 9. g4 Nc6 10. g5 Nxd4 11. Qxd4 Nh5 12. Be3 O-O 13. O-O-O Kh8 14. Rhf1 f5 15. exf5 Rxf5 16. Ne4 d5 17. Ng3 Nxg3 18. hxg3 Bd7 19. g4 Rff8 20. Rh1 Bb5 21. g6 Rf6 22. Rxh7+ Kg8 23. f5 Be8 24. Rdh1 1-0

[Event "ESTCC 50 2019"]
[Site "Mali Losinj"]
[Date "2019.09.25"]
[Round "8.11"]
[White "Mencinger, Vojko"]
[Black "Kierzek, Mira"]
[Result "1-0"]
[ECO "B00"]
[WhiteElo "2332"]
[BlackElo "2015"]
[Annotator "NA"]
[PlyCount "83"]
[EventDate "2019.09.18"]
[EventType "team-tourn"]
[EventCountry "CRO"]
[SourceTitle "playchess.com"]
[Source "ChessBase"]
[SourceQuality "1"]
[WhiteTeam "Slovenia"]
[BlackTeam "Germany"]
[WhiteTeamCountry "SLO"]
[BlackTeamCountry "GER"]
[TimeControl "40/5400+30:1800+30"]

1. e4 Nc6 2. d4 d6 3. f3 Nf6 4. Be3 g6 5. c3 Bg7 6. Bd3 a6 7. Ne2 e5 8. d5 Ne7 9. c4 Nd7 10. Nbc3 O-O 11. O-O f5 12. b4 f4 13. Bf2 g5 14. c5 Nf6 15. Na4 Ng6 16. cxd6 cxd6 17. Nb6 Rb8 18. Rc1 Bd7 19. Qc2 Ne8 20. a4 g4 21. Nxd7 Qxd7 22. Kh1 h5 23. b5 axb5 24. Bxb5 Qe7 25. Ba7 Ra8 26. Bb6 Bf6 27. Qb3 Kh7 28. Rc2 Rf7 29. Rfc1 Nf8 30. Rc8 Rxc8 31. Rxc8 Nd7 32. a5 Bg7 33. Bd8 Qf8 34. Bb6 Qe7 35. Bf2 Kg6 36. Ba4 Ndf6 37. Bh4 Nc7 38. Qxb7 Bh6 39. a6 Bg5 40. Bf2 h4 41. a7 h3 42. Rxc7 1-0